 Dungeon Crawl Stone Soup version 0.32-a0-329-ge6c31236d6 (webtiles) character file.

Game seed: 14757277411073948438

21 oldriver the Conjurer (level 2, -1/20 HPs)
             Began as a Demonspawn Conjurer on Feb 16, 2024.
             Slain by a gnoll
             ... wielding a +0 whip
              (4 damage)
             ... on level 1 of the Dungeon.
             The game lasted 00:00:47 (485 turns).

oldriver the Conjurer (Demonspawn Conjurer)          Turns: 485, Time: 00:00:48

Health: -1/20      AC:  2    Str:  7    XL:     2   Next: 65%
Magic:  4/5        EV: 12    Int: 18    God:
Gold:   43         SH:  0    Dex: 11    Spells: 4/5 levels left

rFire   . . .        d - +0 dagger
rCold   . . .        (no shield)
rNeg    . . .        a - +0 robe
rPois   .            (no helmet)
rElec   .            (no cloak)
rCorr   .            (no gloves)
SInv    .            (no boots)
Will    .....        (no amulet)
Stlth   ++           (no ring)
HPRegen 0.23/turn    (no ring)
MPRegen 0.09/turn

%: no passive effects
@: very slightly contaminated
A: weakness stinger 1
a: no special abilities


You were on level 1 of the Dungeon.
You visited 1 branch of the dungeon, and saw 1 of its levels.

You collected 43 gold pieces.

Inventory:

Hand Weapons
 d - a +0 dagger (weapon)
Armour
 a - a +0 robe (worn)
Scrolls
 c - a scroll of vulnerability {unknown}


   Skills:
 + Level 0.8 Fighting
 - Level 1.7 Dodging
 + Level 2.1 Stealth
 * Level 2.4 Spellcasting
 + Level 4.1 Conjurations


You had 4 spell levels left.
You knew the following spells:

 Your Spells              Type           Power      Damage    Failure   Level
a - Magic Dart            Conj           68%        1d6       3%          1

Your spell library contained the following spells:

 Spells                   Type           Power      Damage    Failure   Level
 Searing Ray              Conj           34%        2d5       4%          2
 Fulminant Prism          Conj/Alch      4%         3d5       58%         4
 Iskenderun's Mystic Bla  Conj/Tloc      9%         2d4       58%         4


Dungeon Overview and Level Annotations

Branches:
Dungeon (1/15)

Altars:


Innate Abilities, Weirdness & Mutations

You have a small tail.


Message History

The magic dart hits the kobold.
The kobold is heavily wounded.
You are out of magic!
You are out of magic!
You are out of magic!
A frilled lizard comes into view.
The magic dart hits the kobold but does no damage.
The kobold is moderately wounded.
The magic dart hits the kobold.
The kobold is heavily wounded.
The kobold barely misses you.
The magic dart hits the kobold.
You kill the kobold!
The magic dart hits the gnoll but does no damage.
The magic dart hits the gnoll but does no damage.
The gnoll hits you with a +0 whip.
You are out of magic!
Okay, then.
d - a +0 dagger (weapon)
The gnoll closely misses you.
You hit the gnoll but do no damage. The gnoll closely misses you.
You hit the gnoll but do no damage. The gnoll hits you with a +0 whip.
You hit the gnoll.
The gnoll is lightly wounded.
The gnoll hits you with a +0 whip.
You closely miss the gnoll.
The gnoll is lightly wounded.
The gnoll hits you with a +0 whip.
* * * LOW HITPOINT WARNING * * *
Magic courses through your body. The gnoll hits you with a +0 whip.
* * * LOW HITPOINT WARNING * * *
Casting: Magic Dart (safe; 3% risk of failure)
Confirm with . or Enter, or press ? or * to list all spells.
Aiming: Magic Dart (safe; 3% risk of failure)
Press: ? - help, Shift-Dir - straight line, f/p - gnoll
Aim: a gnoll, wielding a +0 whip (lightly wounded, 100% to hit)
You miscast Magic Dart.
You are very lightly contaminated with residual magic.
Nothing appears to happen.
The gnoll hits you with a +0 whip.
You die...

......#.#.#.#.##.#
..#...#...#......###
#..####......##....##
#...........####..#.##
............##.##.##.##
...###.##.....##..###.#
..##.....#...........##
†#.....<.##.......#.##
..##.....#.....g@..##
...###.##.....##...#
............##.##..#
............# ##..##
...####......##...#
..#...#...........#
......#..#######.##
..#..#....######.#
.......##........#


You could see a gnoll.

Vanquished Creatures
  A dart slug (D:1)
  A ball python (D:1)
  A bat (D:1)
  An endoplasm (D:1)
  A goblin (D:1)
  A frilled lizard (D:1)
  3 kobolds (D:1)
  2 rats (D:1)
11 creatures vanquished.

Notes
Turn   | Place    | Note
-------+----------+-------------------------------------------
     0 | D:1      | oldriver the Demonspawn Conjurer began the quest for the
                  | Orb.
     0 | D:1      | Reached XP level 1. HP: 13/13 MP: 3/3
   200 | D:1      | Gained mutation: You have a small tail. [demonic ancestry]
   200 | D:1      | Reached XP level 2. HP: 20/20 MP: 3/5
   485 | D:1      | Slain by a gnoll

Illustrated notes

Levels and vault maps discovered:
D:1:      erik_arrival_blinker_ship, layout_loops_ring, roderic_serpentine_path

Skill      XL: |  1 |
---------------+----+-----
Stealth        | 2 |  2.1
Fighting       | |  0.8
Dodging        | |  1.7
Spellcasting   | |  2.4
Conjurations   | |  4.1

Action                     || total
---------------------------++-------
  Melee: Unarmed           ||     3
         Dagger            ||     4
   Cast: Magic Dart        ||    29
    Use: Potion            ||     1
 Armour: Robe              ||     9
  Dodge: Dodged            ||     5

Table legend: (Time is in decaauts)
 A = Elapsed time spent in this place.
 B = Non-inter-level travel time spent in this place.
 C = Inter-level travel time spent in this place.
 D = Time resting spent in this place.
 E = Time spent auto-exploring this place.
 F = Levels seen in this place.
 G = Mean time per level.
                   A        B        C        D        E       F      G
               +--------+--------+--------+--------+--------+-----+--------+
         Total |    484 |    484 |      0 |     98 |    257 |   1 |  484.0 |
       Dungeon |    484 |    484 |      0 |     98 |    257 |   1 |  484.0 |
               +--------+--------+--------+--------+--------+-----+--------+

Top non-repeatable levels by time:
     D:1: 484 daAuts
